 Dungeon Crawl Stone Soup version 0.30-a0-12-gd8047c6341 (webtiles) character file.

Game seed: 6437103104105677500

24 SensoryNuts the Shield-Bearer (level 3, -6/26 HPs)
             Began as an Octopode Fighter on Aug 23, 2022.
             Mangled by Sigmund
             ... wielding a +2 scythe of distortion
              (11 damage)
             ... on level 2 of the Dungeon.
             The game lasted 00:01:01 (1036 turns).

SensoryNuts the Shield-Bearer (Octopode Fighter)    Turns: 1036, Time: 00:01:01

Health: -6/26      AC:  1    Str: 15    XL:     3   Next: 2%
Magic:  3/3        EV: 13    Int: 10    God:
Gold:   57         SH:  4    Dex: 13    Spells: 2/2 levels left

rFire   . . .      SeeInvis .    a - +0 war axe
rCold   . . .      Faith    .    b - +0 buckler
rNeg    . . .      Spirit   .    (helmet restricted)
rPois   .          Reflect  .    (no amulet)
rElec   .          Harm     .    (no ring)
rCorr   .          Rampage  .    (no ring)
Will    .....                    (no ring)
Stlth   +++.......               (no ring)
HPRegen 0.08/turn                (no ring)
MPRegen 0.08/turn                (no ring)
                                 (no ring)
                                 (no ring)

@: mighty
A: almost no armour, amphibious, 8 rings, camouflage 1, gelatinous body 1,
(nimble swimmer 1), tentacles
a: no special abilities


You were on level 2 of the Dungeon.
You visited 1 branch of the dungeon, and saw 2 of its levels.

You collected 57 gold pieces.

Inventory:

Hand Weapons
 a - a +0 war axe (weapon)
 g - a +0 short sword
Armour
 b - a +0 buckler (worn)
Jewellery
 i - an amulet of regeneration
Scrolls
 d - a scroll of identify
 h - a scroll of immolation


   Skills:
 + Level 3.2 Fighting
 - Level 0.3 Short Blades
 + Level 2.1 Axes
 + Level 3.2 Dodging
 + Level 1.0 Stealth
 + Level 3.3 Shields


You had 2 spell levels left.
You didn't know any spells.
Your spell library contained the following spells:

 Spells                   Type           Power      Damage    Failure   Level
 Sting                    Tmut/Pois      0%         1d3       45%         1
 Poisonous Vapours        Pois/Air       0%         N/A       58%         2
 Olgreb's Toxic Radiance  Pois           0%         N/A       99%         4


Dungeon Overview and Level Annotations

Branches:
Dungeon (2/15)

Altars:

Annotations:
D:2 Sigmund


Innate Abilities, Weirdness & Mutations

You cannot wear most types of armour.
You are amphibious.
You can wear up to eight rings at the same time.
Your skin changes colour to match your surroundings (Stealth+).
Your rubbery body absorbs attacks. (AC +1, EV +1)
((You are camouflaged when in or above water. (Stealth+)))
You have tentacles for arms and can constrict up to eight enemies at once.


Message History

It is a scroll of amnesia.
You feel forgetful for a moment.
It was a potion of curing.
You feel better.
It was a potion of invisibility.
You fade into invisibility!
It was a potion of heal wounds.
You feel much better.
It was a potion of cancellation.
Your magical effects are unravelling.
You feel magically purged.
You flicker back into view.
There is a stone staircase leading down here.
You climb downwards.
Found a scroll of identify.
There is a stone staircase leading up here.
An endoplasm is nearby!
An endoplasm is nearby!
An endoplasm is nearby!
An endoplasm is nearby!
The helpless endoplasm fails to defend itself.
You slash the endoplasm!
You kill the endoplasm!
Your Stealth skill increases to level 1!
You have reached level 3!
Your experience leads to an increase in your attributes!
Increase (S)trength, (I)ntelligence, or (D)exterity?
You feel agile. x2
d - a scroll of identify Sigmund the Dreaded comes into view.
He is wielding a +2 scythe of distortion.
You feel very mighty all of a sudden.
Sigmund shouts!
Sigmund mumbles some strange words.
Sigmund flickers and vanishes!
Deactivating autopickup; reactivate with Ctrl-A.
Something hits you! Space warps around you.
You closely miss something. Your squeeze misses something. Something hits you.
* * * LOW HITPOINT WARNING * * *
You blink.
Found 8 stones.
Unknown command.
Something hits you!
You die...

#.# ###### #.#
#..... #.# #.####
#.# #.# #(# #.# #.#
#######.####
#.#####...........
#..ยง..........####
#@#####.#######
#.........#
#.#.#####.# #.#.#
#.# # #.# #.# #.#
#.# #.. #.# #..


There were no monsters in sight!

Vanquished Creatures
  2 dart slugs (D:1)
  A bat (D:1)
  3 endoplasms
  A giant cockroach (D:1)
  4 goblins (D:1)
  A hobgoblin (D:1)
  A quokka (D:1)
  A ball python (D:1)
  A frilled lizard (D:1)
  3 kobolds (D:1)
  A rat (D:1)
19 creatures vanquished.

Notes
Turn   | Place    | Note
-------+----------+-------------------------------------------
     0 | D:1      | SensoryNuts the Octopode Fighter began the quest for the
                  | Orb.
     0 | D:1      | Reached XP level 1. HP: 16/16 MP: 1/1
   345 | D:1      | Reached XP level 2. HP: 13/21 MP: 2/2
   996 | D:2      | Reached skill level 1 in Stealth
   996 | D:2      | Reached XP level 3. HP: 26/26 MP: 3/3
  1028 | D:2      | Noticed Sigmund
  1036 | D:2      | Mangled by Sigmund

Illustrated notes

Levels and vault maps discovered:
D:1:      dpeg_arrival_three_same_balls, layout_loops_ring
D:2:      layout_loops_ring, serial_shops, shop, uniq_sigmund

Skill      XL: |  1  2 |
---------------+-------+-----
Stealth        | 1 |  1.0
Fighting       | |  3.2
Short Blades   | |  0.3
Axes           | |  2.1
Dodging        | |  3.2
Shields        | |  3.3

Action                   || total
-------------------------++-------
Melee: Short sword       ||    17
       Tentacles         ||     8
       War axe           ||    14
       Constrict         ||     7
  Use: Potion            ||     5
       Scroll            ||     3
 Stab: Sleeping          ||     8
Armor: Skin              ||     1
Dodge: Dodged            ||    14
Block: Buckler           ||     5

Table legend: (Time is in decaauts)
 A = Elapsed time spent in this place.
 B = Non-inter-level travel time spent in this place.
 C = Inter-level travel time spent in this place.
 D = Time resting spent in this place.
 E = Time spent auto-exploring this place.
 F = Levels seen in this place.
 G = Mean time per level.
                   A        B        C        D        E       F      G
               +--------+--------+--------+--------+--------+-----+--------+
         Total |   1043 |   1003 |     40 |      0 |    859 |   2 |  521.5 |
       Dungeon |   1043 |   1003 |     40 |      0 |    859 |   2 |  521.5 |
               +--------+--------+--------+--------+--------+-----+--------+

Top non-repeatable levels by time:
     D:1: 998 daAuts
     D:2: 45 daAuts
